 Dungeon Crawl Stone Soup version 0.31.0-9-g3a7656b989 (webtiles) character file.

Game seed: 5648815072755791741

293 Gottschkopf the Changeling (level 6, -1/70 HPs)
             Began as a Draconian Shapeshifter on Jan 31, 2024.
             Killed by divine providence
             ... invoked by an orc priest
              (8 damage)
             ... on level 3 of the Dungeon.
             The game lasted 00:06:04 (1959 turns).

Gottschkopf the Changeling (Draconian Shapeshifter) Turns: 1959, Time: 00:06:04

Health: -1/70      AC: 23    Str: 22    XL:     6   Next: 11%
Magic:  6/6        EV:  2    Int:  9    God:
Gold:   139        SH:  0    Dex: 10    Spells: 5/5 levels left

rFire   + .          .
                       - Unarmed
rCold   . . .        (no shield)
rNeg    . . .        (body armour unavailable)
rPois   +            (helmet currently unavailable)
rElec   .            (cloak currently unavailable)
rCorr   .            (gloves currently unavailable)
SInv    .            (boots currently unavailable)
Will    .....        (no amulet)
Stlth   +            d - ring of protection from fire
HPRegen 0.31/turn    (no ring)
MPRegen 0.10/turn

%: no passive effects
@: mighty, tree-form, attractive
A: stationary, stasis, torment immunity, boosted hp, AC +6, unfitting armour,
(cold-blooded), (hooves 1), (poison resistance), strong 1
a: no special abilities


You were on level 3 of the Dungeon.
You were a tree.
You visited 1 branch of the dungeon, and saw 3 of its levels.

You collected 139 gold pieces.

Inventory:

Jewellery
 d - a ring of protection from fire (left branch)
Talismans
 b - a beast talisman (active)
 c - a flux talisman
Scrolls
 h - a scroll of poison {unknown}
 i - 4 scrolls of immolation {unknown}
 l - a scroll of brand weapon {unknown}
 m - a scroll of silence {unknown}
Potions
 e - a potion of mutation
 f - a potion of might
 j - a potion of haste {unknown}
 k - a potion of brilliance {unknown}


   Skills:
 - Level 1.1 Fighting
 - Level 1.7 Dodging
 - Level 3.0 Unarmed Combat
 + Level 6.4 Shapeshifting


You had 5 spell levels left.
You didn't know any spells.
Your spell library contained the following spells:

 Spells                   Type           Power      Damage    Failure   Level
 Cigotuvi's Dreadful Rot  Necr/Alch/Air  0%         N/A       52%         2
 Ozocubu's Armour         Ice            0%         N/A       77%         3
 Dispel Undead            Necr           0%         3d6       99%         4
 Martyr's Knell           Necr/Summ      0%         N/A       99%         4
 Metabolic Englaciation   Hex/Ice        0%         N/A       100%        5
 Death Channel            Necr           0%         N/A       100%        6
 Sculpt Simulacrum        Ice/Alch       0%         N/A       100%        6


Dungeon Overview and Level Annotations

Branches:
Dungeon (3/15)

Altars:

Shops:
D:3 *


Innate Abilities, Weirdness & Mutations

You are a tree.
Your roots penetrate the ground, keeping you stationary.
You cannot be teleported.
You are immune to unholy pain and torment.
Your maximum health is greatly increased.
Your equipment is partially melded.
((Your plain brown scales are hard. (AC +6)))
You cannot fit into any form of body armour.
((You are cold-blooded and may be slowed by cold attacks.))
((You have large cloven feet.))
((Your system is resistant to poisons. (rPois)))
Your muscles are strong. (Str +4, Int/Dex -1)


Message History

* * * LOW HITPOINT WARNING * * *
You pummel the bat!!
You kill the bat!
Ijyb screams, "Get away!"
You have reached level 6!
Your scales feel tougher.
You cannot move.
It was a potion of attraction.
You feel attractive to monsters.
Ijyb zaps a wand.
The puff of flame hits you but does no damage.
You resist. Ijyb is attracted toward you.
You barely miss Ijyb. Ijyb hits you but does no damage.
You barely miss Ijyb. Ijyb hits you with a +0 club.
* * * LOW HITPOINT WARNING * * *
You smack Ijyb!
Ijyb is moderately wounded.
Ijyb hits you but does no damage.
You pummel Ijyb!!
You kill Ijyb!
The orc is attracted toward you.
An orc is nearby!
The orc is attracted toward you.
You closely miss the orc. The orc hits you but does no damage.
You hit the orc.
The orc is severely wounded.
The orc hits you but does no damage.
You barely miss the orc.
The orc is severely wounded.
The orc hits you with a +0 trident.
* * * LOW HITPOINT WARNING * * *
You pummel the orc!!
You kill the orc!
You start resting.
The orc priest is attracted toward you.
It was a potion of mutation.
You feel extremely strange.
You feel resistant to poisons.
You feel stronger.
Your feet thicken and deform.
You smack the orc priest!
The orc priest is almost dead.
The orc priest mumbles some strange prayers to Beogh against you.
Beogh smites you!
You die...

### ##.##. ..#
#.##.# #.# #.##.#
§.# #.##.# ##.#
##....# ..#
#.....## #.#####.#
#....#.#
......$o#####.....#
.#.#####♣†........#
......)..#######.##
##.#####.# #.# ..#
###.# #### #...#
..# #.### #.# #.#
#.# #.# #.# #.#


You could see an orc priest.

Vanquished Creatures
  A bullfrog (D:3)
  An orc priest (D:3)
  Ijyb (D:3)
  3 orc wizards (D:3)
  2 adders (D:2)
  A dart slug (D:1)
  A ribbon worm (D:2)
  3 orcs
  8 bats
  7 endoplasms
  4 giant cockroaches (D:2)
  13 goblins
  5 hobgoblins
  3 jackals (D:3)
  A kobold (D:1)
  2 quokkas (D:1)
  3 ball pythons
  4 frilled lizards
  5 rats
  A spectral hobgoblin (D:2)
69 creatures vanquished.

Notes
Turn   | Place    | Note
-------+----------+-------------------------------------------
     0 | D:1      | Gottschkopf the Draconian Shapeshifter began the quest for
                  | the Orb.
     0 | D:1      | Reached XP level 1. HP: 16/16 MP: 1/1
   127 | D:1      | Reached XP level 2. HP: 9/23 MP: 2/2
   578 | D:1      | Reached skill level 4 in Shapeshifting
   762 | D:1      | Reached XP level 3. HP: 28/28 MP: 3/3
   808 | D:2      | Found a faded altar of an unknown god.
  1203 | D:2      | Reached XP level 4. HP: 31/35 MP: 4/4
  1586 | D:3      | Noticed a bullfrog
  1592 | D:3      | Killed a bullfrog
  1593 | D:3      | Reached skill level 5 in Shapeshifting
  1593 | D:3      | Reached XP level 5. HP: 34/40 MP: 5/5
  1745 | D:3      | Found Wyomat's General Store.
  1921 | D:3      | Reached skill level 6 in Shapeshifting
  1936 | D:3      | Noticed Ijyb
  1942 | D:3      | Reached XP level 6. HP: 10/47 MP: 6/6
  1946 | D:3      | Killed Ijyb
  1958 | D:3      | Gained mutation: Your system is resistant to poisons.
                  | (rPois) [potion of mutation]
  1958 | D:3      | Gained mutation: Your muscles are strong. (Str +4, Int/Dex
                  | -1) [potion of mutation]
  1958 | D:3      | Gained mutation: You have large cloven feet. [potion of
                  | mutation]
  1959 | D:3      | Killed from afar by an orc priest

Illustrated notes

Levels and vault maps discovered:
D:1:      ncdulo_lavacross, layout_loops_cross, roderic_st_hans_cross
D:2:      layout_rooms, dreamdust_ecumenical_altar_drowned_temple,
          serial_aquarium, aquarium_bridge_island_small
          [aquarium_subvault_small_water, aquarium_subvault_wall,
          aquarium_subvault_bridge, aquarium_subvault_bridge,
          aquarium_subvault_window], aquarium_bridge_long_joined
          [aquarium_subvault_window, aquarium_subvault_window,
          aquarium_subvault_bridge, aquarium_subvault_balcony,
          aquarium_subvault_wall, aquarium_subvault_window], aquarium_window_1,
          aquarium_window_2, aquarium_view_4
D:3:      layout_loops_ring, nicolae_elyvilon_peaceful_grove,
          nicolae_overflow_squiral, serial_shops, shop, minmay_misc_feat_rows,
          st_stairs_14, serial_bayou_lake_a, uniq_natasha, uniq_grinder,
          uniq_ijyb

Skill      XL: |  1  2  3  4  5 |
---------------+----------------+-----
Shapeshifting  | 4 5 6 |  6.4
Fighting       | |  1.1
Dodging        | |  1.7
Unarmed Combat | |  3.0

Action                     |  1- 3 |  4- 6 || total
---------------------------+-------+-------++-------
  Melee: Unarmed           |   115 |    79 ||   194
         Tailslap          |    11 |    12 ||    23
         Punch             |     2 |     3 ||     5
Ability: Begin Untransform |     1 |       ||     1
    Use: Potion            |       |     4 ||     4
   Stab: Sleeping          |     1 |       ||     1
 Armour: Skin              |    53 |    68 ||   121
  Dodge: Dodged            |    66 |    50 ||   116
   Form: Beast             |     1 |       ||     1
